Demolitions vs Sasquatch
(R2)
Created - 18 mars 2017 at 20:08
Goals
|
| Demolitions |
1 |
0 |
0 |
1 |
| Sasquatch |
2 |
1 |
6 |
9 |
|
Shots
|
| Demolitions |
12 |
7 |
13 |
32 |
| Sasquatch |
6 |
16 |
22 |
44 |
|
1st period
1. Sasquatch , Linus Omark 48 (Jason Akeson) at 12:12
2. Demolitions , Doug Janik 9 (Nikolai Zherdev, Bobby Butler) at 15:44 (PP)
3. Sasquatch , Jason Akeson 32 (Linus Omark, James Wisniewski) at 17:48
Penalties :
Brock Trotter (Gat) for Interference (Minor) at 0:40, Nicolas Blanchard (Vic) for Roughing (Minor) at 2:19, Ryan Strome (Gat) for Cross-checking (Minor) at 5:38, Sergey Kalinin (Gat) for Holding (Minor) at 15:29
2nd period
4. Sasquatch , Lars Eller 34 (Brock Trotter, Jonathan Blum) at 11:16
Penalties :
Sergey Kalinin (Gat) for Hooking (Minor) at 0:44, Lars Eller (Gat) for Tripping (Minor) at 7:01, David Rundblad (Vic) for Holding (Minor) at 11:35, Brendon Nash (Vic) for Hooking (Minor) at 14:12
3rd period
5. Sasquatch , Jason Akeson 33 (Nick Leddy, Linus Omark) at 0:15
6. Sasquatch , James Wisniewski 3 (Andy Andreoff, Drew Shore) at 2:12
7. Sasquatch , Tyler Randell 8 (Yann Sauvé, Garnet Hathaway) at 5:25
8. Sasquatch , Linus Omark 49 (Jason Akeson) at 15:04
9. Sasquatch , Stephane Da Costa 21 (Ryan Strome) at 18:10 (PP)
10. Sasquatch , Brock Trotter 15 (Yann Sauvé, Slava Voynov) at 19:31 (SH)
Penalties :
Jason Akeson (Gat) for Cross-checking (Minor) at 2:34, Ryan Vesce (Vic) for Tripping (Minor) at 10:47, Lars Eller (Gat) for Interference (Minor) at 10:52, Doug Janik (Vic) for Holding (Minor) at 17:41, James Wisniewski (Gat) for Roughing (Minor) at 19:16
Goalie Stats
Jussi Rynnas (Vic), 35 saves from 44 shots - (0,795), L, 1-7-1, 60:00 minutes
Corey Crawford (Gat), 31 saves from 32 shots - (0,969), W, 26-7-1, 60:00 minutes
Players Stats for Demolitions
Player Name G A P +/- PIM S H SB GA TA FO MP PP MP PK MP
------------------------------------------------------------------------------------
Alex Hutchings 0 0 0 -1 0 0 0 0 0 0 0/0 11:06 0:00 1:16
Andrew Campbell 0 0 0 -4 0 1 1 0 1 0 0/0 10:18 0:00 0:00
Billy Sweat 0 0 0 -1 0 0 0 0 0 1 0/0 9:16 0:00 0:00
Bobby Butler 0 1 1 -1 0 3 1 0 0 1 1/1 11:40 6:13 3:20
Brendon Nash 0 0 0 -3 2 2 4 1 0 3 0/0 28:19 6:43 2:06
Cameron Schilling 0 0 0 -1 0 2 2 2 0 0 0/0 20:09 3:55 2:52
Corban Knight 0 0 0 -3 0 2 3 0 0 0 18/28 19:48 0:00 1:15
Darren Helm 0 0 0 -4 0 5 3 0 1 0 12/21 19:25 6:13 0:00
David Rundblad 0 0 0 -1 2 3 2 0 0 1 0/0 19:49 3:55 2:09
Doug Janik 1 0 1 -3 2 3 0 1 0 1 0/0 28:47 6:43 3:19
Matt D'Agostini 0 0 0 -4 0 1 0 0 0 0 0/1 12:39 0:05 0:00
Nick Pryor 0 0 0 0 0 0 0 0 0 0 0/0 1:38 0:00 0:45
Nicolas Blanchard 0 0 0 -2 2 0 5 0 1 0 2/4 18:57 4:19 0:00
Nigel Dawes 0 0 0 -2 0 1 2 0 0 0 2/4 22:02 4:25 1:35
Nikolai Zherdev 0 1 1 -2 0 3 0 0 0 0 6/9 19:11 6:13 3:21
Ryan Vesce 0 0 0 -3 2 5 2 0 2 0 1/1 18:56 4:25 1:35
Taylor Aronson 0 0 0 -4 0 0 0 2 0 1 0/0 11:29 0:00 1:11
Vince Rocco 0 0 0 -1 0 1 0 0 0 0 1/3 8:01 0:00 0:00
Players Stats for Sasquatch
Player Name G A P +/- PIM S H SB GA TA FO MP PP MP PK MP
------------------------------------------------------------------------------------
Andrej Sustr 0 0 0 2 0 0 0 1 0 1 0/0 12:34 0:00 0:00
Andy Andreoff 0 1 1 2 0 1 0 0 0 0 0/1 9:01 0:00 1:13
Brock Trotter 1 1 2 2 2 7 3 0 1 0 0/0 20:08 2:31 5:30
Drew Shore 0 1 1 3 0 3 0 1 0 0 10/19 14:48 0:00 6:29
Garnet Hathaway 0 1 1 1 0 0 1 0 0 0 0/1 10:53 0:00 0:00
James Wisniewski 1 1 2 2 2 3 0 0 0 0 0/0 17:16 3:51 3:57
Jason Akeson 2 2 4 4 2 4 1 0 1 0 2/3 16:46 3:40 0:00
Jonathan Blum 0 1 1 2 0 2 0 2 0 1 0/0 21:23 2:19 4:02
Lars Eller 1 0 1 1 4 4 2 1 1 0 3/8 17:30 3:39 2:48
Linus Omark 2 2 4 4 0 7 3 1 0 1 0/1 21:06 3:40 3:39
Nick Leddy 0 1 1 3 0 6 0 4 2 0 0/0 23:24 3:52 0:00
Ryan Strome 0 1 1 0 2 0 3 0 0 0 0/0 11:19 2:30 0:00
Sergey Kalinin 0 0 0 4 4 0 0 0 0 0 9/31 15:33 0:01 1:00
Slava Voynov 0 1 1 3 0 1 0 1 0 0 0/0 17:05 0:00 6:41
Stephane Da Costa 1 0 1 0 0 2 1 0 0 0 3/6 12:09 2:30 0:21
Teemu Hartikainen 0 0 0 0 0 1 4 0 1 0 2/2 10:00 0:01 0:16
Tyler Randell 1 0 1 2 0 2 1 0 0 0 0/0 7:48 0:00 0:00
Yann Sauvé 0 2 2 4 0 1 0 2 2 2 0/0 28:17 2:20 6:36
3 Stars
1 - Linus Omark (Gat)
2 - Jason Akeson (Gat)
3 - Yann Sauvé (Gat)
Power Play
Demolitions - 1 on 8 Attempt(s) - 12,50%
Sasquatch - 1 on 5 Attempt(s) - 20,00%
Penalty Kill
Demolitions - 4 on 5 Attempt(s) - 80,00%
- Score 0 goal in Penalty Kill
Sasquatch - 7 on 8 Attempt(s) - 87,50%
- Score 1 goal in Penalty Kill
Team Stat
Demolitions - Hits : 25 - Faceoff Wins : 43 - Blocked Shots : 6 - Penalty Minutes : 10
Sasquatch - Hits : 19 - Faceoff Wins : 29 - Blocked Shots : 13 - Penalty Minutes : 16
Official
Referees : O'Halloran Dan and Martell Rob
Linesman : Pierre Racicot and Darren Gibbs
Game Notes
Alex Hutchings is injured at 18:29 of 2nd period (Broken Bone (Right Ankle))
Finance
Level 1 -- Attendance: 1628 (81,40%) -- Ticket Income 56 980 $
Level 2 -- Attendance: 775 (77,50%) -- Ticket Income 11 625 $
Total Attendance: 2403 (80,10%)
Total Ticket Income: 68 605 $
Other Income: 3 430 $
Total Income: 72 035 $
Demolitions
5 vs 5 Forward
Center Left Wing Right Wing Time % Phy DF OF
1 Corban Knight Nicolas Blanchard Nigel Dawes 40 1 2 2
2 Darren Helm Alex Hutchings Ryan Vesce 30 1 2 2
3 Corban Knight Billy Sweat Matt D'Agostini 20 1 2 2
4 Vince Rocco Alex Hutchings Nikolai Zherdev 10 1 2 2
5 vs 5 Defense
Defense Defense Time % Phy DF OF
1 Brendon Nash Doug Janik 40 1 2 2
2 Cameron Schilling David Rundblad 30 1 2 2
3 Andrew Campbell Taylor Aronson 20 1 2 2
4 Nick Pryor Brendon Nash 10 1 2 2
PowerPlay Forward
Center Left Wing Right Wing Time % Phy DF OF
1 Darren Helm Bobby Butler Nikolai Zherdev 60 1 2 2
2 Nicolas Blanchard Nigel Dawes Ryan Vesce 40 1 2 2
PowerPlay Defense
Defense Defense Time % Phy DF OF
1 Brendon Nash Doug Janik 60 1 2 2
2 Cameron Schilling David Rundblad 40 1 2 2
Penalty Kill 4 Players Forward
Center Wing Time % Phy DF OF
1 Nikolai Zherdev Bobby Butler 60 1 2 2
2 Nigel Dawes Ryan Vesce 40 1 2 2
Penalty Kill 4 Players Defense
Defense Defense Time % Phy DF OF
1 Brendon Nash Doug Janik 60 1 2 2
2 Cameron Schilling David Rundblad 40 1 2 2
Penalty Kill - 3 Players Forward
Forward Time % Phy DF OF
1 Nikolai Zherdev 60 1 2 2
2 Bobby Butler 40 1 2 2
Penalty Kill - 3 Players Defense
Defense Defense Time % Phy DF OF
1 Brendon Nash Doug Janik 60 1 2 2
2 Cameron Schilling David Rundblad 40 1 2 2
4 vs 4 Forward
Center Wing Time % Phy DF OF
1 Nikolai Zherdev Bobby Butler 60 1 2 2
2 Nigel Dawes Ryan Vesce 40 1 2 2
4 vs 4 Defense
Defense Defense Time % Phy DF OF
1 Brendon Nash Doug Janik 60 1 2 2
2 Cameron Schilling David Rundblad 40 1 2 2
Last Minutes Offensive
Center Left Wing Right Wing Defense Defense
Darren Helm Bobby Butler Nikolai Zherdev Brendon Nash Doug Janik
Last Minutes Defensive
Center Left Wing Right Wing Defense Defense
Darren Helm Bobby Butler Nikolai Zherdev Brendon Nash Doug Janik
Goaltenders
Starting : Jussi Rynnas
Backup : Joe Cannata
Extra Forwards
Normal : Matt D'Agostini, Billy Sweat, Corban Knight - PP : Matt D'Agostini, Billy Sweat - PK : Corban Knight
Extra Defensemen
Normal : Andrew Campbell, Taylor Aronson, Nick Pryor - PP : Andrew Campbell - PK : Taylor Aronson, Nick Pryor
Penalty Shots
Nikolai Zherdev, Bobby Butler, Nigel Dawes, Ryan Vesce, Darren Helm
Sasquatch
5 vs 5 Forward
Center Left Wing Right Wing Time % Phy DF OF
1 Sergey Kalinin Linus Omark Jason Akeson 40 1 2 2
2 Lars Eller Brock Trotter Garnet Hathaway 30 1 2 2
3 Stephane Da Costa Teemu Hartikainen Ryan Strome 20 1 2 2
4 Drew Shore Andy Andreoff Tyler Randell 10 1 2 2
5 vs 5 Defense
Defense Defense Time % Phy DF OF
1 Nick Leddy Yann Sauvé 40 1 2 2
2 Andrej Sustr Jonathan Blum 30 1 2 2
3 Slava Voynov James Wisniewski 20 1 2 2
4 Jonathan Blum Nick Leddy 10 1 2 2
PowerPlay Forward
Center Left Wing Right Wing Time % Phy DF OF
1 Lars Eller Linus Omark Jason Akeson 60 1 2 2
2 Stephane Da Costa Brock Trotter Ryan Strome 40 1 2 2
PowerPlay Defense
Defense Defense Time % Phy DF OF
1 Nick Leddy James Wisniewski 60 1 2 2
2 Yann Sauvé Jonathan Blum 40 1 2 2
Penalty Kill 4 Players Forward
Center Wing Time % Phy DF OF
1 Drew Shore Brock Trotter 60 1 2 2
2 Lars Eller Linus Omark 40 1 2 2
Penalty Kill 4 Players Defense
Defense Defense Time % Phy DF OF
1 Slava Voynov Yann Sauvé 60 1 2 2
2 James Wisniewski Jonathan Blum 40 1 2 2
Penalty Kill - 3 Players Forward
Forward Time % Phy DF OF
1 Lars Eller 60 1 2 2
2 Drew Shore 40 1 2 2
Penalty Kill - 3 Players Defense
Defense Defense Time % Phy DF OF
1 Yann Sauvé Slava Voynov 60 1 2 2
2 Andrej Sustr Jonathan Blum 40 1 2 2
4 vs 4 Forward
Center Wing Time % Phy DF OF
1 Sergey Kalinin Brock Trotter 60 1 2 2
2 Stephane Da Costa Linus Omark 40 1 2 2
4 vs 4 Defense
Defense Defense Time % Phy DF OF
1 Yann Sauvé Nick Leddy 60 1 2 2
2 Slava Voynov Jonathan Blum 40 1 2 2
Last Minutes Offensive
Center Left Wing Right Wing Defense Defense
Lars Eller Linus Omark Jason Akeson Nick Leddy Jonathan Blum
Last Minutes Defensive
Center Left Wing Right Wing Defense Defense
Drew Shore Linus Omark Andy Andreoff Slava Voynov Yann Sauvé
Goaltenders
Starting : Corey Crawford
Backup : Jake Allen
Extra Forwards
Normal : Teemu Hartikainen, Drew Shore, Brock Trotter - PP : Sergey Kalinin, Linus Omark - PK : Brock Trotter
Extra Defensemen
Normal : Jonathan Blum, Slava Voynov, James Wisniewski - PP : Andrej Sustr - PK : Nick Leddy, Slava Voynov
Penalty Shots
Linus Omark, Lars Eller, Jason Akeson, Ryan Strome, Andy Andreoff
% Time on Ice - Demolitions
Lines # - Real PCT - Wanted PCT - Time Play
Normal Forward
1 - 37% - 40% - 15:04
2 - 32% - 30% - 12:57
3 - 12% - 20% - 4:55
4 - 20% - 10% - 8:01
Normal Defense
1 - 42% - 40% - 17:20
2 - 31% - 30% - 12:34
3 - 25% - 20% - 10:18
4 - 2% - 10% - 0:45
PP Forward
1 - 58% - 60% - 6:13
2 - 42% - 40% - 4:25
PP Defense
1 - 63% - 60% - 6:43
2 - 37% - 40% - 3:55
PK Forward
1 - 74% - 60% - 4:36
2 - 26% - 40% - 1:35
PK Defense
1 - 54% - 60% - 3:19
2 - 46% - 40% - 2:52
PK3 Forward
1 - 0% - 60%
2 - 0% - 40%
PK3 Defense
1 - 0% - 60%
2 - 0% - 40%
44 Forward
1 - 69% - 60% - 1:32
2 - 31% - 40% - 0:42
44 Defense
1 - 64% - 60% - 1:26
2 - 36% - 40% - 0:48
Last Minute Offensive - 0:00
Last Minute Defensive - 0:00
Total
Forward - 60:00
Defense - 60:00
|
% Time on Ice - Sasquatch
Lines # - Real PCT - Wanted PCT - Time Play
Normal Forward
1 - 32% - 40% - 13:18
2 - 27% - 30% - 11:08
3 - 21% - 20% - 8:43
4 - 19% - 10% - 7:48
Normal Defense
1 - 43% - 40% - 17:28
2 - 33% - 30% - 13:22
3 - 22% - 20% - 9:08
4 - 2% - 10% - 0:59
PP Forward
1 - 60% - 60% - 3:41
2 - 40% - 40% - 2:30
PP Defense
1 - 63% - 60% - 3:52
2 - 37% - 40% - 2:19
PK Forward
1 - 67% - 60% - 7:08
2 - 33% - 40% - 3:30
PK Defense
1 - 62% - 60% - 6:36
2 - 38% - 40% - 4:02
PK3 Forward
1 - 0% - 60%
2 - 0% - 40%
PK3 Defense
1 - 0% - 60%
2 - 0% - 40%
44 Forward
1 - 79% - 60% - 1:46
2 - 21% - 40% - 0:28
44 Defense
1 - 69% - 60% - 1:33
2 - 31% - 40% - 0:41
Last Minute Offensive - 0:00
Last Minute Defensive - 0:00
Total
Forward - 60:00
Defense - 60:00
|
Play by Play
1st period
0:01 of 1st period - Sergey Kalinin wins face-off versus Corban Knight in neutral zone.
0:14 of 1st period - Slapshot by Linus Omark.
0:14 of 1st period - Shot Misses the Net.
0:26 of 1st period - Nick Leddy is hit by Ryan Vesce and loses puck.
0:40 of 1st period - Minor Penalty to Brock Trotter for Interference.
0:41 of 1st period - Drew Shore wins face-off versus Darren Helm in Sasquatch zone.
0:57 of 1st period - Yann Sauvé is hit by Darren Helm and loses puck.
1:12 of 1st period - Snap shot by Ryan Vesce.
1:12 of 1st period - Shot Misses the Net.
2:12 of 1st period - James Wisniewski is hit by Brendon Nash and loses puck.
2:19 of 1st period - Minor Penalty to Nicolas Blanchard for Roughing.
2:20 of 1st period - Nikolai Zherdev wins face-off versus Sergey Kalinin in Demolitions zone.
2:35 of 1st period - Wrist shot by Bobby Butler.
2:35 of 1st period - Stopped by Corey Crawford with a rebound.
2:40 of 1st period - Penalty to Brock Trotter is over, Brock Trotter is back on ice.
2:55 of 1st period - David Rundblad is hit by Brock Trotter and loses puck.
4:19 of 1st period - Penalty to Nicolas Blanchard is over, Nicolas Blanchard is back on ice.
4:36 of 1st period - Off-side.
4:37 of 1st period - Darren Helm wins face-off versus Sergey Kalinin in neutral zone.
4:39 of 1st period - Off-side.
4:40 of 1st period - Darren Helm wins face-off versus Sergey Kalinin in neutral zone.
5:15 of 1st period - Backhand shot by Corban Knight.
5:15 of 1st period - Stopped by Corey Crawford without a rebound.
5:16 of 1st period - Stephane Da Costa wins face-off versus Corban Knight in Sasquatch zone.
5:16 of 1st period - Stephane Da Costa is hit by David Rundblad.
5:38 of 1st period - Minor Penalty to Ryan Strome for Cross-checking.
5:39 of 1st period - Drew Shore wins face-off versus Darren Helm in Sasquatch zone.
5:55 of 1st period - Off-side.
5:56 of 1st period - Drew Shore wins face-off versus Nicolas Blanchard in neutral zone.
6:12 of 1st period - Wrist shot by Nicolas Blanchard.
6:12 of 1st period - Shot Misses the Net.
6:22 of 1st period - Lars Eller is hit by Bobby Butler and loses puck.
6:27 of 1st period - Slapshot by Bobby Butler.
6:27 of 1st period - Stopped by Corey Crawford with a rebound.
6:29 of 1st period - Wrist shot by Nikolai Zherdev.
6:29 of 1st period - Stopped by Corey Crawford without a rebound.
6:30 of 1st period - Drew Shore wins face-off versus Darren Helm in Sasquatch zone.
7:01 of 1st period - Backhand shot by Nigel Dawes.
7:01 of 1st period - Shot Blocked by Lars Eller.
7:03 of 1st period - Slapshot by David Rundblad.
7:03 of 1st period - Stopped by Corey Crawford with a rebound.
7:38 of 1st period - Penalty to Ryan Strome is over, Ryan Strome is back on ice.
8:48 of 1st period - Drew Shore is hit by Brendon Nash and loses puck.
9:03 of 1st period - Corban Knight is hit by Teemu Hartikainen and loses puck.
9:55 of 1st period - Wrist shot by Nikolai Zherdev.
9:55 of 1st period - Stopped by Corey Crawford with a rebound.
10:11 of 1st period - Snap shot by Stephane Da Costa.
10:11 of 1st period - Stopped by Jussi Rynnas with a rebound.
10:37 of 1st period - Darren Helm is hit by Linus Omark.
12:12 of 1st period - Snap shot by Linus Omark.
12:12 of 1st period - Goal by Linus Omark - Demolitions : 0 - Sasquatch : 1.
12:13 of 1st period - Darren Helm wins face-off versus Sergey Kalinin in neutral zone.
12:18 of 1st period - Slapshot by Ryan Vesce.
12:18 of 1st period - Shot Blocked by Linus Omark.
12:38 of 1st period - Doug Janik is hit by Stephane Da Costa and loses puck.
12:43 of 1st period - Wrist shot by Stephane Da Costa.
12:43 of 1st period - Shot Misses the Net.
13:03 of 1st period - Snap shot by Slava Voynov.
13:03 of 1st period - Shot Misses the Net.
13:05 of 1st period - Slapshot by Nick Leddy.
13:05 of 1st period - Shot Blocked by Brendon Nash.
13:07 of 1st period - Slapshot by Drew Shore.
13:07 of 1st period - Deflect By Tyler Randell.
13:07 of 1st period - Shot Blocked by Doug Janik.
13:07 of 1st period - Puck is out of play.
13:08 of 1st period - Drew Shore wins face-off versus Corban Knight in Demolitions zone.
13:13 of 1st period - Snap shot by Nick Leddy.
13:13 of 1st period - Stopped by Jussi Rynnas with a rebound.
13:23 of 1st period - Slapshot by David Rundblad.
13:23 of 1st period - Shot Blocked by Yann Sauvé.
14:20 of 1st period - Off-side.
14:21 of 1st period - Drew Shore wins face-off versus Vince Rocco in neutral zone.
14:46 of 1st period - Icing by Drew Shore.
14:47 of 1st period - Corban Knight wins face-off versus Drew Shore in Sasquatch zone.
14:58 of 1st period - Snap shot by Drew Shore.
14:58 of 1st period - Stopped by Jussi Rynnas with a rebound.
15:00 of 1st period - Snap shot by Drew Shore.
15:00 of 1st period - Deflect By Tyler Randell.
15:00 of 1st period - Stopped by Jussi Rynnas with a rebound.
15:02 of 1st period - Wrist shot by Andy Andreoff.
15:02 of 1st period - Shot Blocked by Cameron Schilling.
15:18 of 1st period - Snap shot by Darren Helm.
15:18 of 1st period - Stopped by Corey Crawford with a rebound.
15:20 of 1st period - Slapshot by David Rundblad.
15:20 of 1st period - Stopped by Corey Crawford with a rebound.
15:22 of 1st period - Wrist shot by Ryan Vesce.
15:22 of 1st period - Shot Misses the Net.
15:24 of 1st period - Slapshot by Ryan Vesce.
15:24 of 1st period - Stopped by Corey Crawford without a rebound.
15:25 of 1st period - Corban Knight wins face-off versus Sergey Kalinin in Sasquatch zone.
15:29 of 1st period - Minor Penalty to Sergey Kalinin for Holding.
15:30 of 1st period - Darren Helm wins face-off versus Drew Shore in Sasquatch zone.
15:32 of 1st period - Wrist shot by Bobby Butler.
15:32 of 1st period - Shot Misses the Net.
15:42 of 1st period - Snap shot by Nikolai Zherdev.
15:42 of 1st period - Shot Misses the Net.
15:44 of 1st period - Slapshot by Doug Janik.
15:44 of 1st period - Goal by Doug Janik - Demolitions : 1 - Sasquatch : 1.
15:45 of 1st period - Corban Knight wins face-off versus Sergey Kalinin in neutral zone.
15:54 of 1st period - Sergey Kalinin is hit by Nigel Dawes and loses puck.
16:11 of 1st period - Alex Hutchings is hit by Lars Eller and loses puck.
17:30 of 1st period - Wrist shot by Darren Helm.
17:30 of 1st period - Stopped by Corey Crawford with a rebound.
17:32 of 1st period - Snap shot by Darren Helm.
17:32 of 1st period - Shot Blocked by Drew Shore.
17:34 of 1st period - Snap shot by Darren Helm.
17:34 of 1st period - Shot Blocked by Nick Leddy.
17:36 of 1st period - Wrist shot by Darren Helm.
17:36 of 1st period - Stopped by Corey Crawford without a rebound.
17:37 of 1st period - Corban Knight wins face-off versus Sergey Kalinin in Sasquatch zone.
17:48 of 1st period - Wrist shot by Jason Akeson.
17:48 of 1st period - Goal by Jason Akeson - Demolitions : 1 - Sasquatch : 2.
17:49 of 1st period - Jason Akeson wins face-off versus Corban Knight in neutral zone.
18:15 of 1st period - Yann Sauvé is hit by Darren Helm.
19:41 of 1st period - Andrej Sustr is hit by Nigel Dawes and loses puck.
19:52 of 1st period - Taylor Aronson is hit by Teemu Hartikainen and loses puck.
Goals for this period are 1 for Demolitions vs 2 for Sasquatch.
Shots for this period are 12 for Demolitions vs 6 for Sasquatch.
2nd period
0:01 of 2nd period - Corban Knight wins face-off versus Sergey Kalinin in neutral zone.
0:07 of 2nd period - Icing by Jason Akeson.
0:08 of 2nd period - Corban Knight wins face-off versus Sergey Kalinin in Sasquatch zone.
0:20 of 2nd period - Off-side.
0:21 of 2nd period - Corban Knight wins face-off versus Jason Akeson in neutral zone.
0:23 of 2nd period - Brendon Nash is hit by Jason Akeson.
0:44 of 2nd period - Minor Penalty to Sergey Kalinin for Hooking.
0:45 of 2nd period - Drew Shore wins face-off versus Darren Helm in Sasquatch zone.
1:26 of 2nd period - Snap shot by Ryan Vesce.
1:26 of 2nd period - Deflect By Nigel Dawes.
1:26 of 2nd period - Shot Hit the Post.
1:26 of 2nd period - Puck is out of play.
1:27 of 2nd period - Drew Shore wins face-off versus Darren Helm in Sasquatch zone.
1:40 of 2nd period - Yann Sauvé is hit by David Rundblad and loses puck.
2:01 of 2nd period - Linus Omark is hit by Nicolas Blanchard and loses puck.
2:13 of 2nd period - Icing by Brendon Nash.
2:14 of 2nd period - Darren Helm wins face-off versus Drew Shore in Demolitions zone.
2:44 of 2nd period - Penalty to Sergey Kalinin is over, Sergey Kalinin is back on ice.
2:52 of 2nd period - Off-side.
2:53 of 2nd period - Corban Knight wins face-off versus Stephane Da Costa in neutral zone.
3:21 of 2nd period - Off-side.
3:22 of 2nd period - Darren Helm wins face-off versus Sergey Kalinin in neutral zone.
3:48 of 2nd period - Linus Omark is hit by Corban Knight and loses puck.
4:05 of 2nd period - Wrist shot by Nikolai Zherdev.
4:05 of 2nd period - Stopped by Corey Crawford without a rebound.
4:06 of 2nd period - Vince Rocco wins face-off versus Lars Eller in Sasquatch zone.
4:17 of 2nd period - Slapshot by Brock Trotter.
4:17 of 2nd period - Stopped by Jussi Rynnas with a rebound.
4:19 of 2nd period - Slapshot by Nick Leddy.
4:19 of 2nd period - Deflect By Brock Trotter.
4:19 of 2nd period - Stopped by Jussi Rynnas with a rebound.
4:21 of 2nd period - Slapshot by Nick Leddy.
4:21 of 2nd period - Stopped by Jussi Rynnas with a rebound.
4:33 of 2nd period - Corban Knight is hit by Ryan Strome and loses puck.
4:40 of 2nd period - Snap shot by Teemu Hartikainen.
4:40 of 2nd period - Stopped by Jussi Rynnas with a rebound.
4:56 of 2nd period - Snap shot by Ryan Vesce.
4:56 of 2nd period - Stopped by Corey Crawford with a rebound.
5:30 of 2nd period - Garnet Hathaway is hit by Nicolas Blanchard and loses puck.
5:37 of 2nd period - Doug Janik is hit by Brock Trotter and loses puck.
6:27 of 2nd period - Wrist shot by Nikolai Zherdev.
6:27 of 2nd period - Shot Misses the Net.
6:37 of 2nd period - Corban Knight is hit by Teemu Hartikainen.
6:43 of 2nd period - Nigel Dawes is hit by Teemu Hartikainen and loses puck.
7:01 of 2nd period - Minor Penalty to Lars Eller for Tripping.
7:02 of 2nd period - Drew Shore wins face-off versus Nikolai Zherdev in Sasquatch zone.
7:27 of 2nd period - Yann Sauvé is hit by Nicolas Blanchard and loses puck.
9:01 of 2nd period - Penalty to Lars Eller is over, Lars Eller is back on ice.
9:12 of 2nd period - Snap shot by Nick Leddy.
9:12 of 2nd period - Stopped by Jussi Rynnas without a rebound.
9:13 of 2nd period - Stephane Da Costa wins face-off versus Corban Knight in Demolitions zone.
9:14 of 2nd period - Slapshot by Nick Leddy.
9:14 of 2nd period - Stopped by Jussi Rynnas with a rebound.
9:24 of 2nd period - Snap shot by Matt D'Agostini.
9:24 of 2nd period - Shot Misses the Net.
9:26 of 2nd period - Snap shot by Corban Knight.
9:26 of 2nd period - Shot Misses the Net.
9:28 of 2nd period - Slapshot by Andrew Campbell.
9:28 of 2nd period - Stopped by Corey Crawford with a rebound.
9:30 of 2nd period - Wrist shot by Matt D'Agostini.
9:30 of 2nd period - Stopped by Corey Crawford with a rebound.
9:32 of 2nd period - Wrist shot by Corban Knight.
9:32 of 2nd period - Stopped by Corey Crawford without a rebound.
9:33 of 2nd period - Sergey Kalinin wins face-off versus Darren Helm in Sasquatch zone.
9:33 of 2nd period - Sergey Kalinin is hit by Cameron Schilling.
9:54 of 2nd period - Icing by Linus Omark.
9:55 of 2nd period - Corban Knight wins face-off versus Sergey Kalinin in Sasquatch zone.
9:56 of 2nd period - Snap shot by Nigel Dawes.
9:56 of 2nd period - Shot Misses the Net.
10:02 of 2nd period - Nicolas Blanchard is hit by Linus Omark and loses puck.
10:07 of 2nd period - Slapshot by Jason Akeson.
10:07 of 2nd period - Stopped by Jussi Rynnas with a rebound.
10:09 of 2nd period - Wrist shot by Linus Omark.
10:09 of 2nd period - Stopped by Jussi Rynnas with a rebound.
10:11 of 2nd period - Snap shot by Linus Omark.
10:11 of 2nd period - Shot Misses the Net.
10:13 of 2nd period - Snap shot by Nick Leddy.
10:13 of 2nd period - Stopped by Jussi Rynnas without a rebound.
10:14 of 2nd period - Darren Helm wins face-off versus Lars Eller in Demolitions zone.
11:16 of 2nd period - Snap shot by Lars Eller.
11:16 of 2nd period - Goal by Lars Eller - Demolitions : 1 - Sasquatch : 3.
11:17 of 2nd period - Sergey Kalinin wins face-off versus Corban Knight in neutral zone.
11:24 of 2nd period - Snap shot by Nigel Dawes.
11:24 of 2nd period - Deflect By Corban Knight.
11:24 of 2nd period - Shot Misses the Net.
11:24 of 2nd period - Puck is out of play.
11:25 of 2nd period - Nicolas Blanchard wins face-off versus Sergey Kalinin in Sasquatch zone.
11:35 of 2nd period - Minor Penalty to David Rundblad for Holding.
11:36 of 2nd period - Lars Eller wins face-off versus Nikolai Zherdev in Demolitions zone.
11:40 of 2nd period - Snap shot by Lars Eller.
11:40 of 2nd period - Stopped by Jussi Rynnas with a rebound.
11:42 of 2nd period - Wrist shot by Lars Eller.
11:42 of 2nd period - Stopped by Jussi Rynnas without a rebound.
11:43 of 2nd period - Nikolai Zherdev wins face-off versus Lars Eller in Demolitions zone.
11:43 of 2nd period - Nikolai Zherdev is hit by Lars Eller.
12:45 of 2nd period - Wrist shot by James Wisniewski.
12:45 of 2nd period - Stopped by Jussi Rynnas without a rebound.
12:46 of 2nd period - Stephane Da Costa wins face-off versus Nigel Dawes in Demolitions zone.
12:49 of 2nd period - Wrist shot by Brock Trotter.
12:49 of 2nd period - Stopped by Jussi Rynnas with a rebound.
13:13 of 2nd period - Yann Sauvé is hit by Corban Knight and loses puck.
13:35 of 2nd period - Penalty to David Rundblad is over, David Rundblad is back on ice.
14:01 of 2nd period - Icing by Brendon Nash.
14:02 of 2nd period - Teemu Hartikainen wins face-off versus Matt D'Agostini in Demolitions zone.
14:12 of 2nd period - Minor Penalty to Brendon Nash for Hooking.
14:13 of 2nd period - Nikolai Zherdev wins face-off versus Lars Eller in Demolitions zone.
14:21 of 2nd period - Slapshot by Linus Omark.
14:21 of 2nd period - Shot Misses the Net.
14:23 of 2nd period - Wrist shot by Nick Leddy.
14:23 of 2nd period - Stopped by Jussi Rynnas with a rebound.
14:25 of 2nd period - Slapshot by Jason Akeson.
14:25 of 2nd period - Shot Misses the Net.
14:27 of 2nd period - Snap shot by Lars Eller.
14:27 of 2nd period - Shot Blocked by Cameron Schilling.
15:57 of 2nd period - Jonathan Blum is hit by Corban Knight and loses puck.
16:12 of 2nd period - Penalty to Brendon Nash is over, Brendon Nash is back on ice.
16:19 of 2nd period - Wrist shot by Brendon Nash.
16:19 of 2nd period - Stopped by Corey Crawford without a rebound.
16:20 of 2nd period - Corban Knight wins face-off versus Drew Shore in Sasquatch zone.
16:21 of 2nd period - Snap shot by Nigel Dawes.
16:21 of 2nd period - Stopped by Corey Crawford without a rebound.
16:22 of 2nd period - Corban Knight wins face-off versus Andy Andreoff in Sasquatch zone.
16:31 of 2nd period - Slapshot by Cameron Schilling.
16:31 of 2nd period - Shot Misses the Net.
17:16 of 2nd period - Billy Sweat is hit by Garnet Hathaway and loses puck.
18:28 of 2nd period - Alex Hutchings is hit by Brock Trotter and loses puck.
18:29 of 2nd period - Alex Hutchings from Demolitions is injured at 18:29 of 2nd period (Broken Bone (Right Ankle)).
18:30 of 2nd period - Sergey Kalinin wins face-off versus Corban Knight in Demolitions zone.
18:31 of 2nd period - Snap shot by Linus Omark.
18:31 of 2nd period - Deflect By Jason Akeson.
18:31 of 2nd period - Stopped by Jussi Rynnas with a rebound.
19:16 of 2nd period - Billy Sweat is hit by Ryan Strome.
19:57 of 2nd period - Yann Sauvé is hit by Andrew Campbell and loses puck.
Goals for this period are 0 for Demolitions vs 1 for Sasquatch.
Shots for this period are 7 for Demolitions vs 16 for Sasquatch.
3rd period
0:01 of 3rd period - Corban Knight wins face-off versus Sergey Kalinin in neutral zone.
0:03 of 3rd period - Off-side.
0:04 of 3rd period - Corban Knight wins face-off versus Sergey Kalinin in neutral zone.
0:15 of 3rd period - Wrist shot by Jason Akeson.
0:15 of 3rd period - Goal by Jason Akeson - Demolitions : 1 - Sasquatch : 4.
0:16 of 3rd period - Sergey Kalinin wins face-off versus Corban Knight in neutral zone.
0:29 of 3rd period - Snap shot by Linus Omark.
0:29 of 3rd period - Stopped by Jussi Rynnas with a rebound.
0:31 of 3rd period - Slapshot by Linus Omark.
0:31 of 3rd period - Shot Misses the Net.
0:50 of 3rd period - Slapshot by Ryan Vesce.
0:50 of 3rd period - Stopped by Corey Crawford with a rebound.
0:52 of 3rd period - Snap shot by Doug Janik.
0:52 of 3rd period - Stopped by Corey Crawford with a rebound.
0:54 of 3rd period - Snap shot by Darren Helm.
0:54 of 3rd period - Shot Misses the Net.
1:24 of 3rd period - Snap shot by Drew Shore.
1:24 of 3rd period - Stopped by Jussi Rynnas without a rebound.
1:25 of 3rd period - Nigel Dawes wins face-off versus Drew Shore in Demolitions zone.
1:50 of 3rd period - Andy Andreoff is hit by Ryan Vesce and loses puck.
1:57 of 3rd period - Ryan Vesce is hit by Tyler Randell and loses puck.
2:04 of 3rd period - Snap shot by Drew Shore.
2:04 of 3rd period - Shot Misses the Net.
2:06 of 3rd period - Wrist shot by Andy Andreoff.
2:06 of 3rd period - Stopped by Jussi Rynnas with a rebound.
2:08 of 3rd period - Backhand shot by Andy Andreoff.
2:08 of 3rd period - Shot Misses the Net.
2:10 of 3rd period - Slapshot by Andy Andreoff.
2:10 of 3rd period - Shot Misses the Net.
2:12 of 3rd period - Slapshot by James Wisniewski.
2:12 of 3rd period - Goal by James Wisniewski - Demolitions : 1 - Sasquatch : 5.
2:13 of 3rd period - Sergey Kalinin wins face-off versus Nicolas Blanchard in neutral zone.
2:22 of 3rd period - Backhand shot by Jason Akeson.
2:22 of 3rd period - Shot Misses the Net.
2:28 of 3rd period - Corban Knight is hit by Linus Omark and loses puck.
2:34 of 3rd period - Minor Penalty to Jason Akeson for Cross-checking.
2:35 of 3rd period - Nikolai Zherdev wins face-off versus Drew Shore in Sasquatch zone.
2:50 of 3rd period - Snap shot by Nikolai Zherdev.
2:50 of 3rd period - Shot Blocked by Slava Voynov.
3:12 of 3rd period - Wrist shot by Linus Omark.
3:12 of 3rd period - Stopped by Jussi Rynnas without a rebound.
3:13 of 3rd period - Lars Eller wins face-off versus Darren Helm in Demolitions zone.
3:22 of 3rd period - Slapshot by Doug Janik.
3:22 of 3rd period - Shot Misses the Net.
3:24 of 3rd period - Snap shot by Darren Helm.
3:24 of 3rd period - Stopped by Corey Crawford without a rebound.
3:25 of 3rd period - Darren Helm wins face-off versus Drew Shore in Sasquatch zone.
3:52 of 3rd period - Slava Voynov is hit by Nicolas Blanchard and loses puck.
4:34 of 3rd period - Penalty to Jason Akeson is over, Jason Akeson is back on ice.
5:23 of 3rd period - Slapshot by Yann Sauvé.
5:23 of 3rd period - Stopped by Jussi Rynnas with a rebound.
5:25 of 3rd period - Wrist shot by Tyler Randell.
5:25 of 3rd period - Goal by Tyler Randell - Demolitions : 1 - Sasquatch : 6.
5:26 of 3rd period - Corban Knight wins face-off versus Sergey Kalinin in neutral zone.
5:53 of 3rd period - Icing by Doug Janik.
5:54 of 3rd period - Ryan Vesce wins face-off versus Garnet Hathaway in Demolitions zone.
6:03 of 3rd period - Slapshot by Cameron Schilling.
6:03 of 3rd period - Shot Misses the Net.
6:05 of 3rd period - Snap shot by Darren Helm.
6:05 of 3rd period - Stopped by Corey Crawford without a rebound.
6:06 of 3rd period - Corban Knight wins face-off versus Sergey Kalinin in Sasquatch zone.
6:07 of 3rd period - Snap shot by Brendon Nash.
6:07 of 3rd period - Shot Blocked by Nick Leddy.
7:16 of 3rd period - Backhand shot by Jonathan Blum.
7:16 of 3rd period - Stopped by Jussi Rynnas with a rebound.
7:18 of 3rd period - Snap shot by Tyler Randell.
7:18 of 3rd period - Shot Blocked by Taylor Aronson.
7:20 of 3rd period - Backhand shot by Andrej Sustr.
7:20 of 3rd period - Shot Misses the Net.
7:22 of 3rd period - Snap shot by Tyler Randell.
7:22 of 3rd period - Shot Misses the Net.
7:24 of 3rd period - Snap shot by Andrej Sustr.
7:24 of 3rd period - Shot Blocked by Taylor Aronson.
8:28 of 3rd period - Icing by Corban Knight.
8:29 of 3rd period - Sergey Kalinin wins face-off versus Corban Knight in Demolitions zone.
8:30 of 3rd period - Wrist shot by Linus Omark.
8:30 of 3rd period - Stopped by Jussi Rynnas without a rebound.
8:31 of 3rd period - Darren Helm wins face-off versus Sergey Kalinin in Demolitions zone.
8:57 of 3rd period - Stephane Da Costa is hit by Brendon Nash and loses puck.
9:34 of 3rd period - Snap shot by Brock Trotter.
9:34 of 3rd period - Stopped by Jussi Rynnas without a rebound.
9:35 of 3rd period - Lars Eller wins face-off versus Vince Rocco in Demolitions zone.
10:40 of 3rd period - Slapshot by Stephane Da Costa.
10:40 of 3rd period - Shot Misses the Net.
10:47 of 3rd period - Minor Penalty to Ryan Vesce for Tripping.
10:48 of 3rd period - Nikolai Zherdev wins face-off versus Linus Omark in Demolitions zone.
10:52 of 3rd period - Minor Penalty to Lars Eller for Interference.
10:53 of 3rd period - Sergey Kalinin wins face-off versus Nikolai Zherdev in Sasquatch zone.
11:33 of 3rd period - Off-side.
11:34 of 3rd period - Nigel Dawes wins face-off versus Stephane Da Costa in neutral zone.
11:43 of 3rd period - Slapshot by Brendon Nash.
11:43 of 3rd period - Shot Blocked by Jonathan Blum.
12:22 of 3rd period - Brock Trotter is hit by Cameron Schilling and loses puck.
12:34 of 3rd period - Icing by Nikolai Zherdev.
12:35 of 3rd period - Teemu Hartikainen wins face-off versus Nigel Dawes in Demolitions zone.
12:38 of 3rd period - Slapshot by Jonathan Blum.
12:38 of 3rd period - Stopped by Jussi Rynnas with a rebound.
12:47 of 3rd period - Penalty to Ryan Vesce is over, Ryan Vesce is back on ice.
12:52 of 3rd period - Penalty to Lars Eller is over, Lars Eller is back on ice.
12:58 of 3rd period - Snap shot by Ryan Vesce.
12:58 of 3rd period - Deflect By Lars Eller.
12:58 of 3rd period - Shot Misses the Net.
12:58 of 3rd period - Puck is out of play.
12:59 of 3rd period - Darren Helm wins face-off versus Sergey Kalinin in Sasquatch zone.
13:04 of 3rd period - Slapshot by Matt D'Agostini.
13:04 of 3rd period - Shot Blocked by Nick Leddy.
13:06 of 3rd period - Slapshot by Doug Janik.
13:06 of 3rd period - Stopped by Corey Crawford without a rebound.
13:07 of 3rd period - Darren Helm wins face-off versus Sergey Kalinin in Sasquatch zone.
13:14 of 3rd period - Snap shot by Ryan Vesce.
13:14 of 3rd period - Shot Blocked by Nick Leddy.
13:16 of 3rd period - Snap shot by Matt D'Agostini.
13:16 of 3rd period - Shot Blocked by Yann Sauvé.
13:18 of 3rd period - Wrist shot by Ryan Vesce.
13:18 of 3rd period - Stopped by Corey Crawford without a rebound.
13:19 of 3rd period - Corban Knight wins face-off versus Sergey Kalinin in Sasquatch zone.
13:44 of 3rd period - Nick Leddy is hit by Darren Helm and loses puck.
14:20 of 3rd period - Slapshot by Linus Omark.
14:20 of 3rd period - Stopped by Jussi Rynnas with a rebound.
14:58 of 3rd period - Backhand shot by Brock Trotter.
14:58 of 3rd period - Stopped by Jussi Rynnas with a rebound.
15:00 of 3rd period - Slapshot by Slava Voynov.
15:00 of 3rd period - Deflect By Cameron Schilling.
15:00 of 3rd period - Stopped by Jussi Rynnas with a rebound.
15:02 of 3rd period - Backhand shot by James Wisniewski.
15:02 of 3rd period - Stopped by Jussi Rynnas without a rebound.
15:03 of 3rd period - Jason Akeson wins face-off versus Darren Helm in Demolitions zone.
15:04 of 3rd period - Snap shot by Linus Omark.
15:04 of 3rd period - Goal by Linus Omark - Demolitions : 1 - Sasquatch : 7.
15:05 of 3rd period - Nicolas Blanchard wins face-off versus Sergey Kalinin in neutral zone.
15:14 of 3rd period - Backhand shot by Nicolas Blanchard.
15:14 of 3rd period - Shot Misses the Net.
15:16 of 3rd period - Snap shot by Nicolas Blanchard.
15:16 of 3rd period - Shot Misses the Net.
15:18 of 3rd period - Slapshot by Cameron Schilling.
15:18 of 3rd period - Stopped by Corey Crawford with a rebound.
15:20 of 3rd period - Slapshot by David Rundblad.
15:20 of 3rd period - Stopped by Corey Crawford with a rebound.
16:20 of 3rd period - Snap shot by Drew Shore.
16:20 of 3rd period - Stopped by Jussi Rynnas with a rebound.
16:36 of 3rd period - Slapshot by Ryan Vesce.
16:36 of 3rd period - Shot Blocked by Andrej Sustr.
16:38 of 3rd period - Wrist shot by Taylor Aronson.
16:38 of 3rd period - Shot Blocked by Jonathan Blum.
17:01 of 3rd period - Wrist shot by Lars Eller.
17:01 of 3rd period - Stopped by Jussi Rynnas with a rebound.
17:11 of 3rd period - Vince Rocco is hit by Ryan Strome and loses puck.
17:41 of 3rd period - Minor Penalty to Doug Janik for Holding.
17:42 of 3rd period - Nikolai Zherdev wins face-off versus Lars Eller in Demolitions zone.
18:10 of 3rd period - Wrist shot by Stephane Da Costa.
18:10 of 3rd period - Goal by Stephane Da Costa - Demolitions : 1 - Sasquatch : 8.
18:11 of 3rd period - Corban Knight wins face-off versus Sergey Kalinin in neutral zone.
18:16 of 3rd period - Slapshot by Brendon Nash.
18:16 of 3rd period - Deflect By Jonathan Blum.
18:16 of 3rd period - Stopped by Corey Crawford without a rebound.
18:17 of 3rd period - Sergey Kalinin wins face-off versus Corban Knight in Sasquatch zone.
18:17 of 3rd period - Sergey Kalinin is hit by Nicolas Blanchard.
18:45 of 3rd period - Snap shot by Ryan Vesce.
18:45 of 3rd period - Stopped by Corey Crawford with a rebound.
19:07 of 3rd period - Slapshot by Cameron Schilling.
19:07 of 3rd period - Stopped by Corey Crawford with a rebound.
19:09 of 3rd period - Wrist shot by Vince Rocco.
19:09 of 3rd period - Stopped by Corey Crawford without a rebound.
19:10 of 3rd period - Corban Knight wins face-off versus Stephane Da Costa in Sasquatch zone.
19:16 of 3rd period - Minor Penalty to James Wisniewski for Roughing.
19:17 of 3rd period - Bobby Butler wins face-off versus Drew Shore in Sasquatch zone.
19:29 of 3rd period - Slapshot by Brock Trotter.
19:29 of 3rd period - Stopped by Jussi Rynnas with a rebound.
19:31 of 3rd period - Slapshot by Brock Trotter.
19:31 of 3rd period - Goal by Brock Trotter - Demolitions : 1 - Sasquatch : 9.
19:32 of 3rd period - Darren Helm wins face-off versus Drew Shore in neutral zone.
19:39 of 3rd period - Snap shot by Bobby Butler.
19:39 of 3rd period - Stopped by Corey Crawford without a rebound.
19:40 of 3rd period - Drew Shore wins face-off versus Darren Helm in Sasquatch zone.
19:40 of 3rd period - Drew Shore is hit by Brendon Nash.
Goals for this period are 0 for Demolitions vs 6 for Sasquatch.
Shots for this period are 13 for Demolitions vs 22 for Sasquatch.
Back to the Top